 Dungeon Crawl Stone Soup version 0.28-a0-1594-ga885d4b3d6 (webtiles) character file.

Game seed: 14630937077556240533

94 Pin the Skirmisher (level 4, -2/41 HPs)
             Began as a Hill Orc Fighter on Jan 21, 2022.
             Slain by a sky beast (5 damage)
             ... on level 6 of the Dungeon.
             The game lasted 00:05:26 (2483 turns).

Pin the Skirmisher (Hill Orc Fighter)               Turns: 2483, Time: 00:05:26

Health: -2/41      AC: 12    Str: 20    XL:     4   Next: 63%
Magic:  4/4        EV:  7    Int:  8    God:
Gold:   92         SH:  4    Dex: 10    Spells: 3/3 levels left

rFire   . . .      SeeInvis .   a - +0 war axe
rCold   . . .      Faith    .   c - +0 buckler
rNeg    . . .      Spirit   .   k - +0 chain mail
rPois   .          Reflect  .   (no helmet)
rElec   .          Harm     .   l - +2 cloak
rCorr   .          Rampage  .   (no gloves)
Will    .....                   (no boots)
Stlth   ..........              (no amulet)
HPRegen 0.13/turn               (no ring)
MPRegen 0.09/turn               (no ring)

@: no status effects
A: no striking features
a: no special abilities


You were on level 6 of the Dungeon.
You visited 1 branch of the dungeon, and saw 5 of its levels.

You collected 92 gold pieces.

Inventory:

Hand Weapons
 a - a +0 war axe (weapon)
Armour
 c - a +0 buckler (worn)
 k - a +0 chain mail (worn)
 l - a +2 cloak (worn)
Scrolls
 b - a scroll of blinking {unknown}
 e - a scroll of magic mapping {unknown}
 f - a scroll of identify {unknown}
 g - 2 scrolls of fear {unknown}
 h - a scroll of acquirement {unknown}
Potions
 d - a potion of might
 i - 3 potions of curing {unknown}
 j - a potion of attraction {unknown}


   Skills:
 + Level 4.4 Fighting
 + Level 3.9 Axes
 + Level 4.0 Armour
 + Level 4.0 Shields


You had 3 spell levels left.
You didn't know any spells.
Your spell library was empty.

Dungeon Overview and Level Annotations

Branches:
Dungeon (4/15)
 Temple: D:4-7

Altars:
Hepliaklqana
Okawaru
Zin

Shops:
D:1 (   D:3 ?


Message History

You barely miss something. Something hits you but does no damage.
You closely miss something. Something hits you. Something shocks you.
Something hits you but does no damage.
You closely miss something. Something hits you but does no damage.
You closely miss something. Something hits you but does no damage.
You barely miss something. Something hits you. Something shocks you.
Something hits you but does no damage.
You hit something but do no damage. Something hits you but does no damage.
You slash something! Something hits you but does no damage.
You hit something. You block something's attack.
A sky beast appears from thin air!
Reactivating autopickup.
The sky beast hits you. The sky beast shocks you.
You closely miss the sky beast.
The sky beast is severely wounded.
The sky beast flickers out of sight!
Deactivating autopickup; reactivate with Ctrl-A.
Something hits you.
* * * LOW HITPOINT WARNING * * *
Something shocks you.
* * * LOW HITPOINT WARNING * * *
You barely miss something.
A sky beast appears from thin air!
Reactivating autopickup.
The sky beast hits you but does no damage.
You barely miss the sky beast.
The sky beast is severely wounded.
The sky beast barely misses you.
The sky beast hits you but does no damage.
You barely miss the sky beast.
The sky beast is severely wounded.
You block the sky beast's attack.
You closely miss the sky beast.
The sky beast is severely wounded.
The sky beast closely misses you.
You hit the sky beast.
The sky beast is almost dead.
The sky beast hits you.
* * * LOW HITPOINT WARNING * * *
The sky beast shocks you.
You die...

#.
#####.###
........
.......
#....#
##...#
##..Y.##
#.$..@.##
#..####..#
##.# #.#
.# #


You could see a sky beast.

Vanquished Creatures
  3 adders
  A worm (D:2)
  A dart slug (D:2)
  5 orcs (D:3)
  4 endoplasms
  2 giant cockroaches
  3 goblins
  7 hobgoblins
  8 jackals
  A quokka (D:1)
  2 ball pythons (D:3)
  7 bats
  A frilled lizard (D:2)
  5 kobolds
  4 rats
54 creatures vanquished.

Notes
Turn   | Place    | Note
-------+----------+-------------------------------------------
     0 | D:1      | Pin the Hill Orc Fighter began the quest for the Orb.
     0 | D:1      | Reached XP level 1. HP: 19/19 MP: 1/1
   219 | D:1      | Reached XP level 2. HP: 27/27 MP: 2/2
   219 | D:1      | Found Epuch's Weapon Shoppe.
   396 | D:1      | Found a faded altar of an unknown god.
  1051 | D:2      | Reached XP level 3. HP: 33/33 MP: 3/3
  1678 | D:2      | Reached XP level 4. HP: 40/40 MP: 4/4
  1974 | D:3      | Found Nyikeuc's Magic Scroll Shoppe.
  2007 | D:3      | Found a large runed translucent door.
  2008 | D:3      | Found a large runed translucent door.
  2065 | D:3      | Found a glowing silver altar of Zin.
  2078 | D:3      | Found an iron altar of Okawaru.
  2214 | D:3      | Found a hazy altar of Hepliaklqana.
  2463 | D:4      | You fall into a shaft and drop 2 floors!
  2463 | D:6      | Noticed a sky beast
  2483 | D:6      | Slain by a sky beast

Illustrated notes

Levels and vault maps discovered:
D:1:      psy_arrival_radial02, layout_basic, serial_shops,
          nicolae_shop_bloodbath_and_beyond, hellmonk_ecumenical_altar_blasted,
          minivault_5, minmay_box_of_dots
D:2:      layout_loops_cross
D:3:      layout_rooms, mainiacjoe_overflow_six_doors_small,
          jmf_multi_god_temple2, serial_shops, nicolae_shop_stone,
          minmay_misc_feat_room, kennysheep_crisscross
D:4:      kennysheep_big_flooded_room, layout_basic,
          nicolae_dithmenos_through_a_glass_darkly,
          amethyst_overflow_temple_binary, serial_shops,
          nicolae_shop_advertising_works [nicolae_subvault_shop_adworks],
          corexii_item_surrounded_by_moat
D:6:      gammafunk_wand_slinger, layout_layer_cave,
          minmay_temple_entry_junction, serial_bayou, serial_bayou_lagoon_a,
          serial_bayou_lake_a, serial_bayou_crossing, serial_bayou_pond_e,
          serial_bayou_ford_a, kennysheep_generic_room_9, uniq_pikel

Skill      XL: |  1  2  3  4 |
---------------+-------------+-----
Axes           | 3 |  3.9
Fighting       | 4 |  4.4
Shields        | 4 |  4.0
Armour         | 4 |  4.0

Action                   |  1- 3 |  4- 6 || total
-------------------------+-------+-------++-------
Melee: War axe           |   114 |    67 ||   181
Armor: Scale mail        |    59 |    13 ||    72
       Chain mail        |       |    26 ||    26
Dodge: Dodged            |    69 |    24 ||    93
Block: Buckler           |    29 |    16 ||    45

Table legend: (Time is in decaauts)
 A = Elapsed time spent in this place.
 B = Non-inter-level travel time spent in this place.
 C = Inter-level travel time spent in this place.
 D = Time resting spent in this place.
 E = Time spent auto-exploring this place.
 F = Levels seen in this place.
 G = Mean time per level.
                   A        B        C        D        E       F      G
               +--------+--------+--------+--------+--------+-----+--------+
         Total |   2556 |   2465 |     91 |      0 |   1945 |   5 |  511.2 |
       Dungeon |   2556 |   2465 |     91 |      0 |   1945 |   5 |  511.2 |
               +--------+--------+--------+--------+--------+-----+--------+

Top non-repeatable levels by time:
     D:2: 1006 daAuts
     D:1: 826 daAuts
     D:3: 689 daAuts
     D:6: 25 daAuts
     D:4: 7 daAuts
